 Dungeon Crawl Stone Soup version 0.27-a0-1105-g946c659c87 (webtiles) character file.

Game seed: 5123336537420450689

70 leviel the Shield-Bearer (level 4, -1/40 HPs)
             Began as a Minotaur Fighter on Apr 30, 2021.
             Slain by Crazy Yiuf
             ... wielding a +4 quarterstaff of chaos
              (11 damage)
             ... on level 2 of the Dungeon.
             The game lasted 00:02:03 (1989 turns).

leviel the Shield-Bearer (Minotaur Fighter)         Turns: 1989, Time: 00:02:03

Health: -1/40      AC: 11    Str: 21    XL:     4   Next: 3%
Magic:  3/3        EV:  4    Int:  6    God:
Gold:   40         SH:  9    Dex:  9    Spells: 3/3 levels left

rFire    . . .     SeeInvis .   a - +0 war axe
rCold    . . .     Faith    .   c - +0 kite shield
rNeg     . . .     Spirit   .   h - +0 plate armour
rPois    .         Reflect  .   (helmet restricted)
rElec    .         Harm     .   (no cloak)
rCorr    .         Rampage  .   (no gloves)
Will     .....                  (no boots)
Stlth    ..........             (no amulet)
HPRegen  0.13/turn              (no ring)
MPRegen  0.08/turn              (no ring)

@: no status effects
A: horns 2, retaliatory headbutt
a: no special abilities


You were on level 2 of the Dungeon.
You visited 1 branch of the dungeon, and saw 2 of its levels.

You collected 70 gold pieces.
You spent 30 gold pieces at shops.

Inventory:

Hand Weapons
 a - a +0 war axe (weapon)
Armour
 b - a +0 scale mail
 c - a +0 kite shield (worn)
 h - a +0 plate armour (worn)
Jewellery
 m - a +6 ring of dexterity
Scrolls
 e - 3 scrolls of magic mapping {unknown}
 f - a scroll of vulnerability {unknown}
 g - 3 scrolls of fog {unknown}
 j - a scroll of teleportation {unknown}
Potions
 d - a potion of might
 i - a potion of curing
 k - a potion of attraction {unknown}
 l - a potion of brilliance {unknown}


   Skills:
 + Level 4.2 Fighting
 + Level 3.2 Axes
 + Level 4.3 Armour
 + Level 4.4 Shields


You had 3 spell levels left.
You didn't know any spells.
Your spell library contained the following spells:

 Spells                   Type           Power      Damage    Failure   Level
 Animate Skeleton         Necr           0%         N/A       100%        1
 Pain                     Necr           0%         1d4       100%        1
 Summon Small Mammal      Summ           0%         N/A       100%        1
 Call Imp                 Summ           0%         N/A       100%        2
 Call Canine Familiar     Summ           0%         N/A       100%        3
 Summon Guardian Golem    Hex/Summ       0%         N/A       100%        3
 Vampiric Draining        Necr           0%         2d6       100%        3
 Animate Dead             Necr           0%         N/A       100%        4
 Summon Ice Beast         Ice/Summ       0%         N/A       100%        4
 Summon Lightning Spire   Summ/Air       0%         N/A       100%        4
 Agony                    Necr           0%         N/A       100%        5


Dungeon Overview and Level Annotations

Branches:
Dungeon (2/15)

Altars:
Qazlal

Shops:
D:1 !   D:2 *

Annotations:
D:2 Crazy Yiuf


Innate Abilities, Weirdness & Mutations

You have a pair of horns on your head.
You reflexively headbutt those who attack you in melee.


Message History

You see here a quokka skeleton.
Found 20 arrows.
Found a faded altar of an unknown god.
No target in view!
You see here 20 arrows.
Found a stone staircase leading up.
Found 21 sling bullets.
You now have 38 gold pieces (gained 4).
You see here 21 sling bullets.
You now have 40 gold pieces (gained 2).
e - 2 scrolls labelled EPEUFIHETI (gained 1)
e - 3 scrolls labelled EPEUFIHETI (gained 1)
m - a +6 ring of dexterity An endoplasm comes into view.
The endoplasm quivers.
An endoplasm is nearby!
You slash the endoplasm!
You kill the endoplasm!
There is an open door here.
You open the door.
There is an open door here.
You see here a +0 robe.
You see here 7 boomerangs.
You see here 7 boomerangs.
There is an open door here.
There is an open door here.
Key pressed, stopping explore.
Could not explore, unopened runed door.
No reachable target in view!
You open the door.
Crazy Yiuf hits you with a +4 quarterstaff of chaos!
There is an open translucent door, spattered with blood here.
You closely miss Crazy Yiuf. You block Crazy Yiuf's attack.
Crazy Yiuf says, "Crazy?
Crazy!?
PORCUPINE!"
Crazy Yiuf hits you with a +4 quarterstaff of chaos!
Crazy Yiuf freezes you.
* * * LOW HITPOINT WARNING * * *
You barely miss Crazy Yiuf.
Crazy Yiuf hits you with a +4 quarterstaff of chaos!
You die...

..#.##.# #.#
#.....#.####
.###.#.# #'#
###.#.#.#
..#.##.#
#####
##...## ##
.#..##.###.#
#####.## #.
.#..##.##..#
#####
#.###.# #.
.....<.#...#
#)..#
#..##.#####.
.......'...#
#...#
#...........
#...####...#
#.g.#
#..##.######
##..# ##..#
#@# #.###.#
# ###.# ##.#
#.## #####.#
# ....# ###
##.# #.....#
# ##### #.##
#.###.# # #
##.# #.# #.#
# #####
##.##
#.###.# #
....#### ###
##...#
#.....# #
.......# #.#
#P..P#
#.##### #
##..##.###.#
##..## #.#


You could see Crazy Yiuf.

Vanquished Creatures
  3 adders (D:2)
  2 worms (D:2)
  2 dart slugs
  2 bats
  4 endoplasms
  A giant cockroach (D:2)
  2 hobgoblins (D:1)
  4 kobolds (D:1)
  A quokka (D:2)
  A ball python (D:1)
  3 frilled lizards
  5 goblins
  4 rats
34 creatures vanquished.

Notes
Turn   | Place    | Note
-------+----------+-------------------------------------------
     0 | D:1      | leviel the Minotaur Fighter began the quest for the Orb.
     0 | D:1      | Reached XP level 1. HP: 19/19 MP: 0/0
   356 | D:1      | Reached XP level 2. HP: 27/27 MP: 1/1
   730 | D:1      | Found Yzoudua's Distillery.
   738 | D:1      | Bought a potion of curing for 30 gold pieces
   873 | D:2      | Reached XP level 3. HP: 33/33 MP: 2/2
   998 | D:2      | Found Dixuigon's Assorted Antiques.
  1373 | D:2      | Found a stormy altar of Qazlal.
  1497 | D:2      | Reached XP level 4. HP: 40/40 MP: 3/3
  1609 | D:2      | Found a runed translucent door.
  1610 | D:2      | Noticed Crazy Yiuf
  1696 | D:2      | Found a faded altar of an unknown god.
  1989 | D:2      | Slain by Crazy Yiuf

Illustrated notes

Levels and vault maps discovered:
D:1:      roderic_chinese_lattice_arrival, layout_loops_cross, serial_shops,
          shop, minmay_pentomino_x2
D:2:      layout_loops_corners, shapermc_ecumenical_altar_starsandcircs,
          serial_shops, nicolae_shop_behind_doors, basic_altar,
          kennysheep_generic_room_9, uniq_crazy_yiuf_cottage

Skill      XL: |  1  2  3 |
---------------+----------+-----
Shields        | 4 |  4.4
Armour         | 4 |  4.3
Fighting       | 4 |  4.2
Axes           | 3 |  3.2

Action                   |  1- 3 |  4- 6 || total
-------------------------+-------+-------++-------
Melee: War axe           |    86 |     6 ||    92
       Headbutt          |    10 |       ||    10
Armor: Scale mail        |    17 |       ||    17
       Plate armour      |    36 |     2 ||    38
Dodge: Dodged            |    10 |       ||    10
Block: Kite shield       |    36 |     2 ||    38

Table legend: (Time is in decaauts)
 A = Elapsed time spent in this place.
 B = Non-inter-level travel time spent in this place.
 C = Inter-level travel time spent in this place.
 D = Time resting spent in this place.
 E = Time spent auto-exploring this place.
 F = Levels seen in this place.
 G = Mean time per level.
                   A        B        C        D        E       F      G
               +--------+--------+--------+--------+--------+-----+--------+
         Total |   2041 |   1984 |     57 |     36 |   1705 |   2 | 1020.5 |
       Dungeon |   2041 |   1984 |     57 |     36 |   1705 |   2 | 1020.5 |
               +--------+--------+--------+--------+--------+-----+--------+

Top non-repeatable levels by time:
     D:2: 1177 daAuts
     D:1: 864 daAuts
